Map: Blackpink LE

Players

Arctur

  • Race: Terran Terran
  • Spawn Location: 1:00

Dayshi - Winner!

  • Race: Terran Terran
  • Spawn Location: 7:00

Event: IEM Season 12 - Katowice

VOD

Have the link to the VOD?

Description

Time

  • Played on: Feb. 27, 2018, 5:24 a.m.
  • Length: 20:10

All games in this series

Show
View Real Time Build Order
Export as new Build Order

Arctur Terran 

Build Orders: Gas First Reaper Expand, Reaper Expand, Bio Tank 

Get SALT Encoding   

  12  0:00  SCV  
  13  0:12  SCV  
  14  0:17  Supply Depot  
  14  0:24  SCV  
  14  0:27  Refinery  
  15  0:38  SCV  
  16  0:44  Barracks  
  16  0:50  SCV  
  17  1:03  SCV  
  18  1:15  SCV  
  19  1:31  Reaper, Orbital Command  
  20  1:46  Command Center  
  20  1:57  Factory  
  20  1:59  SCV  
  21  2:07  Barracks Reactor  
  21  2:12  SCV  
  22  2:17  Supply Depot  
  22  2:20  Refinery  
  21  2:24  SCV  
  22  2:36  SCV  
  23  2:41  Hellion  
  23  2:43  Starport  
  23  2:44  Marine  
  26  2:46  Marine  
  26  2:48  SCV  
  28  2:57  Orbital Command  
  28  3:00  SCV  
  28  3:04  Marine  
  30  3:07  Factory Tech Lab  
  30  3:08  Marine  
  30  3:12  SCV  
  31  3:28  Marine x2  
  31  3:31  SCV x2, Raven  
  37  3:40  Supply Depot  
  37  3:43  SCV x2  
  37  3:45  Marine x2  
  42  3:49  Factory Tech Lab  
  42  3:55  SCV x2, Bunker  
  41  3:59  Barracks  
  41  4:07  SCV x2  
  43  4:15  Siege Tank, Barracks  
  46  4:19  SCV x2  
  46  4:20  Marine  
  46  4:21  Marine  
  50  4:25  Starport Reactor  
  50  4:28  Engineering Bay  
  50  4:31  SCV x2  
  46  4:48  Siege Tank  
  46  4:49  Marine x2  
  46  4:51  SCV x2  
  53  4:56  Refinery  
  53  4:57  Marine  
  54  5:00  Stimpack  
  54  5:10  Supply Depot  
  54  5:11  Supply Depot  
  54  5:12  Starport Reactor, SCV  
  54  5:13  SCV  
  51  5:25  SCV x2  
  51  5:27  Marine  
  54  5:31  Marine x4  
  54  5:33  Siege Tank  
  61  5:37  SCV x2  
  61  5:41  Terran Infantry Weapons Level 1  
  63  5:49  SCV x2  
  61  5:53  Marine x3  
  61  5:55  Marine x2  
  62  5:59  Medivac  
  62  6:01  SCV x2  
  66  6:10  Medivac  
  67  6:13  SCV x2  
  67  6:14  Supply Depot  
  69  6:20  Marine  
  70  6:26  Supply Depot  
  70  6:29  Supply Depot  
  70  6:35  SCV x2, Siege Tank, Marine x3  
  78  6:47  Marine x2  
  78  6:48  SCV x2  
  78  6:53  Marine x3  
  85  7:00  SCV  
  85  7:01  Combat Shields  
  86  7:02  Supply Depot  
  86  7:03  SCV  
  86  7:05  Marine x2  
  89  7:10  Siege Tank  
  89  7:11  Marine x2  
  94  7:23  Marine x3, Medivac  
  92  7:30  SCV x2  
  92  7:31  Marine x2  
  90  7:47  SCV  
  90  7:48  SCV  
  90  7:51  Medivac  
  92  7:55  Medivac  
  92  7:56  Command Center  
  92  7:58  Terran Infantry Armor Level 1  
  94  8:00  Refinery  
  94  8:02  Marine x3  
  96  8:07  Marine x2  
  99  8:12  SCV  
  99  8:13  SCV  
  99  8:18  Supply Depot  
  100  8:20  Marine  
  100  8:21  Siege Tank  
  100  8:22  Supply Depot  
  104  8:29  Medivac  
  104  8:31  SCV x2  
  108  8:40  Barracks  
  108  8:41  Barracks  
  108  8:43  SCV x2, Marine x2  
  112  8:51  Supply Depot  
  112  9:10  Marine x2  
  112  9:12  Siege Tank  
  112  9:13  SCV  
  112  9:14  Marine x2  
  112  9:15  Medivac x2  
  124  9:23  Marine  
  110  9:28  Marine x2  
  107  9:33  Marine x2  
  107  9:34  Barracks Reactor  
  107  9:35  Barracks Reactor  
  107  9:36  SCV x2  
  107  9:38  Orbital Command  
  110  9:43  Marine  
  110  9:44  Siege Tank  
  114  9:46  Marine x2  
  114  9:52  SCV x2  
  118  9:53  Armory  
  118  9:54  Marine x2  
  120  10:06  Marine x3  
  123  10:12  Marine  
  123  10:13  Marine x2  
  123  10:15  SCV x2  
  123  10:16  Siege Tank  
  123  10:17  Marine x2  
  123  10:18  SCV  
  131  10:27  Marine x2  
  131  10:28  Marine  
  134  10:29  Marine  
  134  10:30  SCV x2, Marine  
  124  10:43  Marine x2  
  124  10:44  Marine x2  
  124  10:45  Marine x3  
  124  10:48  SCV, Siege Tank  
  129  10:50  Engineering Bay, Terran Infantry Weapons Level 2  
  127  10:58  SCV x2  
  127  10:59  Marine x2  
  127  11:02  Marine x2  
  128  11:12  Refinery  
  128  11:14  Refinery  
  122  11:18  Marine  
  122  11:21  Command Center  
  122  11:25  Marine x4  
  109  11:26  Marine x4  
  114  11:33  Siege Tank  
  114  11:35  Medivac  
  114  11:36  Marine  
  115  11:43  Marine x7  
  119  11:48  Terran Infantry Armor Level 2  
  119  11:49  Terran Vehicle Weapons Level 1  
  119  11:51  Liberator  
  119  11:52  Liberator  
  119  11:55  Marine  
  119  11:56  Marine  
  119  12:01  Marine x2  
  121  12:05  Siege Tank  
  119  12:09  Marine x4  
  119  12:10  Marine  
  119  12:13  Marine  
  123  12:17  Marine  
  123  12:19  Marine  
  123  12:20  Sensor Tower, Marine  
  124  12:26  Sensor Tower  
  124  12:27  Marine x4  
  125  12:32  Marine x2  
  125  12:34  Marine  
  128  12:37  Siege Tank  
  128  12:39  Marine x2  
  133  12:45  Marine x2  
  133  12:49  Marine x2  
  133  12:50  Marine  
  138  12:52  SCV  
  138  12:53  Planetary Fortress  
  138  12:54  Factory  
  139  13:04  Marine x6  
  145  13:09  Siege Tank  
  140  13:24  Marine  
  140  13:25  Marine x5  
  140  13:26  Marine x2  
  141  13:32  Marine  
  142  13:35  Medivac x2  
  142  13:36  Terran Infantry Weapons Level 3  
  142  13:38  Sensor Tower  
  146  13:41  Siege Tank  
  146  13:42  Marine x2  
  146  13:43  Marine x2  
  146  13:46  Missile Turret, SCV x2  
  146  13:47  SCV  
  146  13:48  SCV  
  157  13:51  Marine  
  157  13:52  Factory Tech Lab  
  149  14:04  Liberator  
  149  14:06  Marine  
  109  14:10  Marine x8  
  109  14:11  Siege Tank  
  109  14:13  Siege Tank  
  112  14:20  Liberator  
  115  14:24  Marine  
  115  14:28  Marine x5  
  115  14:36  Marine x3  
  120  14:42  Marine  
  120  14:43  Siege Tank  
  122  14:45  Marine  
  122  14:46  Siege Tank, Marine x4  
  122  14:47  Terran Infantry Armor Level 3, Liberator  
  130  14:59  Marine  
  124  15:00  Marine  
  124  15:03  Liberator  
  124  15:06  Marine x2  
  129  15:14  Marine x5  
  129  15:15  Siege Tank  
  129  15:18  Siege Tank  
  128  15:38  Marine x2  
  128  15:42  Marine  
  114  15:43  SCV x2  
  114  15:45  Marine x3  
  114  15:47  Siege Tank  
  120  15:50  Siege Tank  
  120  15:52  Marine x3  
  120  15:56  Marine x2  
  122  16:00  Marine  
  122  16:03  Marine x3  
  126  16:09  Marine x2  
  126  16:10  Marine  
  129  16:14  Marine x2  
  129  16:18  Marine  
  131  16:19  Siege Tank  
  131  16:21  Marine x3  
  131  16:22  Siege Tank  
  137  16:25  Liberator  
  137  16:30  SCV x3  
  137  16:31  SCV  
  132  16:43  Marine x3  
  132  16:44  Marine  
  132  16:47  Marine x3  
  135  16:49  SCV x2  
  135  16:50  SCV  
  135  16:51  SCV, Siege Tank  
  141  16:54  Siege Tank  
  141  16:55  Command Center  
  135  17:13  Marine x7  
  135  17:15  Viking  
  144  17:19  SCV  
  144  17:21  Marine x2  
  147  17:25  Viking  
  149  17:31  Marine x4  
  149  17:33  Marine  
  136  17:46  Siege Tank, Marine  
  136  17:56  Marine  
  136  17:57  Marine x6  
  117  18:08  Marine x2  
  110  18:59  Orbital Command  
Show
View Real Time Build Order
Export as new Build Order

Dayshi Terran - Winner!

Build Orders: Gas First Reaper Expand, Reaper Expand, Bio Tank 

Get SALT Encoding   

  12  0:00  SCV  
  13  0:12  SCV  
  14  0:17  Supply Depot  
  14  0:24  SCV  
  14  0:28  Refinery  
  15  0:39  SCV  
  16  0:45  Barracks  
  16  0:51  SCV  
  17  1:03  SCV  
  18  1:15  SCV  
  19  1:31  Reaper, Orbital Command  
  20  1:46  Command Center  
  20  1:58  Factory  
  20  2:02  SCV  
  21  2:10  Barracks Reactor  
  21  2:12  Supply Depot  
  21  2:14  SCV  
  21  2:22  Refinery  
  21  2:26  SCV  
  22  2:39  SCV  
  22  2:42  Starport  
  23  2:46  Marine x2  
  23  2:48  Hellion  
  27  2:51  SCV  
  28  2:59  Orbital Command  
  28  3:03  SCV  
  29  3:06  Marine  
  29  3:08  Marine  
  31  3:17  Cyclone  
  34  3:23  Medivac  
  34  3:24  SCV  
  37  3:27  SCV  
  37  3:32  Supply Depot  
  37  3:33  Marine  
  39  3:36  Marine  
  39  3:38  SCV  
  39  3:40  SCV  
  42  3:50  SCV, Factory Tech Lab  
  42  3:52  SCV  
  42  3:53  Viking  
  46  3:58  Supply Depot  
  46  4:02  SCV  
  47  4:04  SCV  
  47  4:05  Marine  
  47  4:06  Marine  
  47  4:09  Siege Tank  
  53  4:15  SCV  
  54  4:20  SCV  
  54  4:22  Supply Depot  
  55  4:27  SCV  
  56  4:32  SCV  
  57  4:39  SCV  
  54  4:48  SCV  
  54  4:50  Siege Tank  
  54  4:51  SCV  
  54  4:52  Command Center  
  59  4:55  Barracks  
  59  4:57  Barracks  
  59  4:59  Barracks Tech Lab  
  59  5:01  SCV  
  59  5:03  SCV  
  59  5:06  Starport Reactor  
  61  5:08  Refinery  
  61  5:13  SCV  
  57  5:22  SCV  
  57  5:23  Marine  
  57  5:24  Siege Tank, Stimpack  
  57  5:25  SCV  
  57  5:27  Liberator  
  63  5:32  Engineering Bay  
  63  5:34  Engineering Bay  
  63  5:37  SCV x2, Refinery  
  63  5:41  Marine  
  69  5:54  Marine x2  
  69  5:55  Barracks Reactor, Barracks  
  66  5:58  Marine  
  66  5:59  Barracks  
  65  6:04  Orbital Command  
  65  6:06  Siege Tank  
  65  6:09  SCV x2  
  70  6:14  Marine x2  
  70  6:16  Marine  
  73  6:21  SCV x2  
  73  6:24  Medivac  
  77  6:27  Medivac  
  77  6:28  Supply Depot  
  77  6:31  Orbital Command, Marine x2  
  81  6:35  SCV x2  
  81  6:37  Marine x2, Terran Infantry Weapons Level 1  
  85  6:42  Supply Depot, Marine  
  85  6:43  Supply Depot  
  85  6:45  Barracks Reactor  
  85  6:46  Barracks Reactor  
  85  6:47  Missile Turret  
  86  6:48  Missile Turret  
  86  6:49  Marine  
  86  6:53  SCV x2  
  89  6:56  Siege Tank  
  92  7:04  Medivac  
  92  7:05  Marine x4  
  92  7:06  Marine  
  92  7:08  Supply Depot  
  99  7:10  SCV  
  99  7:11  SCV x2  
  87  7:23  Marine x4  
  87  7:29  SCV x2  
  89  7:30  Marine  
  89  7:31  Marine x4  
  94  7:38  Orbital Command  
  94  7:40  Marine  
  94  7:41  SCV x2, Marine x3  
  97  7:48  Marine  
  97  7:49  Sensor Tower, Marine  
  99  7:51  Marine  
  99  7:52  Combat Shields  
  99  7:53  Medivac  
  99  7:57  Medivac  
  103  8:02  Marine  
  103  8:03  Marine  
  105  8:06  Siege Tank  
  108  8:16  Marine x7  
  108  8:19  Missile Turret  
  115  8:21  Missile Turret  
  115  8:23  Medivac  
  115  8:24  Marine  
  115  8:25  Marine, Armory  
  119  8:27  Medivac  
  119  8:28  Supply Depot  
  120  8:36  Sensor Tower  
  120  8:37  Marine  
  120  8:40  Siege Tank  
  124  8:47  Marine  
  125  8:48  Supply Depot  
  125  8:49  Marine x7  
  125  8:51  Supply Depot, SCV  
  125  8:53  Refinery  
  133  8:57  Supply Depot, Marine  
  133  8:58  SCV x2  
  136  9:05  Marine  
  136  9:07  Marine x3  
  140  9:12  Medivac  
  140  9:13  Siege Tank, Medivac  
  138  9:28  Marine x2  
  138  9:29  Marine x7  
  135  9:31  Terran Infantry Weapons Level 2  
  135  9:33  Terran Infantry Armor Level 1  
  135  9:44  Supply Depot  
  135  9:46  Marine x8, Liberator  
  135  9:47  Siege Tank  
  135  9:48  Supply Depot, Marine, Refinery  
  147  10:04  Marine x5  
  155  10:13  Marine  
  141  10:14  Marine x3  
  141  10:19  Siege Tank  
  147  10:21  Marine  
  147  10:22  Marine x3  
  147  10:27  Marine  
  146  10:30  Terran Vehicle Weapons Level 1  
  146  10:31  Marine  
  146  10:32  Marine x3  
  146  10:34  Factory  
  147  10:39  Marine  
  147  10:40  Marine  
  124  10:45  Marine x3  
  124  10:48  Medivac  
  124  10:49  Marine, Medivac  
  132  10:50  Marine x3  
  132  10:52  Siege Tank  
  132  10:57  Marine x2  
  132  11:03  Marine x3  
  137  11:07  Marine x4  
  137  11:15  Marine x2  
  137  11:20  Marine  
  137  11:21  Marine x2  
  137  11:24  Siege Tank  
  137  11:25  Marine x4  
  114  11:33  Marine x2  
  114  11:35  Liberator  
  114  11:36  Liberator  
  114  11:38  Marine  
  114  11:39  Marine x2  
  119  11:40  Factory Tech Lab  
  119  11:42  Marine, Terran Infantry Armor Level 2  
  119  11:43  Marine x3  
  125  11:55  Marine x2  
  125  11:56  Terran Infantry Weapons Level 3, Siege Tank, Marine  
  125  11:57  Marine x2  
  125  12:00  Marine  
  125  12:01  Marine x2  
  129  12:10  Marine  
  129  12:12  Marine  
  129  12:13  Marine  
  129  12:14  Marine x2  
  129  12:15  Marine  
  134  12:18  Marine  
  134  12:19  Marine  
  136  12:26  Siege Tank  
  136  12:27  Marine  
  136  12:28  Siege Tank, Marine  
  144  12:30  Marine  
  144  12:31  Marine  
  144  12:32  Marine x2  
  144  12:35  Medivac  
  150  12:42  Marine  
  150  12:43  Marine x2  
  153  12:44  Marine  
  153  12:45  Medivac  
  153  12:46  Marine  
  153  12:48  Marine  
  153  12:49  Marine  
  162  12:58  Siege Tank, Marine  
  162  13:00  Siege Tank  
  152  13:08  Marine  
  152  13:09  Marine x2  
  154  13:17  Marine x2  
  154  13:18  Marine x4, Medivac  
  154  13:19  Medivac  
  164  13:26  Marine  
  161  13:29  Marine  
  161  13:30  Siege Tank, Marine  
  161  13:32  Siege Tank  
  168  13:35  Marine x6  
  174  13:44  Marine  
  174  13:47  Marine x2  
  177  13:50  Orbital Command  
  177  13:53  Marine x4  
  181  14:00  Marine  
  181  14:01  Marine x2  
  181  14:02  Siege Tank  
  176  14:05  Marine x2  
  143  14:10  Marine  
  143  14:11  Siege Tank, Marine x3  
  149  14:18  Marine  
  149  14:19  Marine x2  
  149  14:23  Marine  
  153  14:26  Marine  
  153  14:29  Marine x2  
  147  14:34  Siege Tank  
  145  14:39  Marine x3  
  145  14:41  Liberator  
  145  14:42  Terran Infantry Armor Level 3, Liberator  
  145  14:43  Siege Tank  
  150  14:55  Refinery  
  150  14:57  Refinery  
  146  15:00  Marine x9  
  146  15:07  Siege Tank  
  152  15:16  Siege Tank  
  152  15:18  Marine x3  
  152  15:20  Marine x3  
  152  15:21  Marine x3  
  156  15:35  Marine  
  156  15:36  Marine x2  
  156  15:38  Marine x6  
  156  15:39  Siege Tank  
  162  15:48  Widow Mine  
  164  15:53  Marine  
  164  15:54  Marine x2  
  164  15:56  Marine x6  
  167  16:09  Siege Tank, Medivac x2  
  167  16:11  Siege Tank, Marine x3  
  174  16:13  Marine  
  174  16:14  Marine x3  
  174  16:15  Marine  
  181  16:22  Marine  
  170  16:29  Marine x2  
  170  16:30  Marine  
  170  16:31  Marine  
  170  16:32  Marine x2  
  166  16:41  Siege Tank  
  166  16:43  Siege Tank, Marine  
  166  16:44  Marine x2  
  166  16:47  Marine x3  
  171  16:49  Marine  
  171  16:50  Marine x2  
  171  16:51  Medivac x2  
  177  17:01  Marine  
  169  17:02  Marine  
  169  17:03  Marine  
  169  17:04  Marine  
  169  17:05  Marine x2  
  169  17:07  Marine x2  
  169  17:13  Siege Tank  
  169  17:15  Siege Tank  
  175  17:20  Marine  
  175  17:22  Command Center  
  176  17:36  Marine  
  135  18:35  Planetary Fortress  
  134  18:41  Command Center  
  134  18:44  Supply Depot, Barracks  
  134  18:45  Supply Depot, Barracks  
  134  18:46  Supply Depot x2  
  134  18:50  Factory Tech Lab  
  107  18:56  Orbital Command  
  97  19:03  Marine  
  97  19:04  Marine  
  99  19:14  Siege Tank  
  102  19:21  Marine  
  102  19:22  Marine  
  100  19:39  Marine x2  
  102  19:47  Barracks x2  
  102  19:48  Barracks  

Tags
 
Add a new tag
Caveats
  • Supply blocks, unpowered buildings, or Contaminate may cause inaccurate times.
  • Supply counts are checked every 10 seconds.